EVO
UNIVERSITY OF ARIZONA WILDCATS @ UNIVERSITY OF TORONTO MARLIES
11/03/2049
 
TOP OF THE 1ST
University of Toronto Marlies batting - Pitching for University of North Carolina at Chapel Hill Tar Heels : RHP Steven Kennett
Pitching: RHP Steven Kennett
Batting: SHB Jose Melendez 0-0: Ball
1-0: Foul Ball, location: 2F
1-1: Fly out, F8 (Flyball, 8LD, EV 101.2 MPH)
Batting: RHB Akichika Yamano 0-0: Foul Ball, location: 2F
0-1: Ball
1-1: Ball
2-1: Ball
3-1: Called Strike
3-2: Fly out, F8 (Flyball, 8RM, EV 88.1 MPH)
Batting: SHB Jack Tierney 0-0: Foul Ball, location: 2F
0-1: Ball
1-1: Foul Ball, location: 2F
1-2: Ball
2-2: Foul Ball, location: 2F
2-2: Foul Ball, location: 2F
2-2: Hit by Pitch
Batting: LHB Vincent Whittick 0-0: Swinging Strike
0-1: Ball
1-1: Fly out, F9 (Flyball, 9D, EV 98.1 MPH)
Top of the 1st over - 0 runs, 0 hits, 0 errors, 1 left on base; University of Toronto 0 - University of North Carolina at Chapel Hill 0
BOTTOM OF THE 1ST
University of North Carolina at Chapel Hill Tar Heels batting - Pitching for University of Toronto Marlies : LHP Vincent Whittick
Pitching: LHP Vincent Whittick
Batting: SHB Ryan Marsh 0-0: Called Strike
0-1: Ball
1-1: Ball
2-1: Fly out, F8 (Flyball, 8LD, EV 88.8 MPH)
Batting: RHB Juan Mejia 0-0: Ball
1-0: Foul Ball, location: 2F
1-1: Foul Ball, location: 2F
1-2: Foul Ball, location: 2F
1-2: Ball
2-2: Fly out, F8 (Flyball, 89S, EV 88.8 MPH)
Batting: RHB Jonathan Winkler 0-0: Called Strike
0-1: Ground out 6-3 (Groundball, 6, EV 86.2 MPH)
Bottom of the 1st over - 0 runs, 0 hits, 0 errors, 0 left on base; University of Toronto 0 - University of North Carolina at Chapel Hill 0
TOP OF THE 2ND
University of Toronto Marlies batting - Pitching for University of North Carolina at Chapel Hill Tar Heels : RHP Steven Kennett
Batting: LHB Efrem Isaev 0-0: Ball
1-0: Called Strike
1-1: Ball
2-1: Foul Ball, location: 2F
2-2: SOLO HOME RUN (Flyball, 89XD, EV 105.0 MPH), Distance : 416 ft
Batting: RHB Frank Pena 0-0: Called Strike
0-1: Called Strike
0-2: Foul Ball, location: 2F
0-2: Ball
1-2: Ball
2-2: SOLO HOME RUN (Flyball, 7D, EV 95.0 MPH), Distance : 382 ft
Batting: RHB Elmar Adenauer 0-0: Called Strike
0-1: Ball
1-1: Foul Ball, location: 2F
1-2: Fly out, F9 (Flyball, 9S, EV 75.6 MPH)
Batting: RHB Jeff McClellan 0-0: Ball
1-0: Ball
2-0: Ball
3-0: Called Strike
3-1: Swinging Strike
3-2: Base on Balls
Batting: RHB Alex Gonzalez 0-0: Ball
1-0: Ball
2-0: Swinging Strike
2-1: Foul Ball, location: 2F
2-2: Strikes out looking
Batting: SHB Jose Melendez 0-0: Fly out, F8 (Flyball, 8LM, EV 90.6 MPH)
Top of the 2nd over - 2 runs, 2 hits, 0 errors, 1 left on base; University of Toronto 2 - University of North Carolina at Chapel Hill 0
BOTTOM OF THE 2ND
University of North Carolina at Chapel Hill Tar Heels batting - Pitching for University of Toronto Marlies : LHP Vincent Whittick
Batting: RHB Jeremy Rollins 0-0: Foul Ball, location: 2F
0-1: Fly out, F7 (Flyball, 78S, EV 80.6 MPH)
Batting: RHB Paul Holland 0-0: Hit by Pitch
Batting: RHB Brandon Wilson 0-0: Foul Ball, location: 2F
0-1: Foul Ball, location: 2F
0-2: Ball
1-2: Strikes out looking
Batting: SHB Tom Auld 0-0: Ball
1-0: Called Strike
1-1: Ball
2-1: Swinging Strike
2-2: SINGLE (Groundball, 6MD, EV 103.1 MPH)
Paul Holland to second
Batting: SHB Rob Haney 0-0: Ground out U3 (Groundball, 34, EV 78.8 MPH)
Bottom of the 2nd over - 0 runs, 1 hit, 0 errors, 2 left on base; University of Toronto 2 - University of North Carolina at Chapel Hill 0
TOP OF THE 3RD
University of Toronto Marlies batting - Pitching for University of North Carolina at Chapel Hill Tar Heels : RHP Steven Kennett
Batting: RHB Akichika Yamano 0-0: Ball
1-0: Ball
2-0: Foul Ball, location: 2F
2-1: Swinging Strike
2-2: Fly out, F7 (Flyball, 78M, EV 91.9 MPH)
Batting: SHB Jack Tierney 0-0: Foul Ball, location: 2F
0-1: Ball
1-1: Ball
2-1: Foul Ball, location: 2F
2-2: Ball
3-2: Foul Ball, location: 2F
3-2: Foul Ball, location: 2F
3-2: Base on Balls
Batting: LHB Vincent Whittick 0-0: Ball
1-0: Foul Ball, location: 2F
1-1: Ball
2-1: SINGLE (Line Drive, 78S, EV 103.8 MPH)
Jack Tierney to second
Batting: LHB Efrem Isaev 0-0: Ball
1-0: Called Strike
1-1: Swinging Strike
1-2: Foul Ball, location: 2F
1-2: Strikes out swinging
Batting: RHB Frank Pena 0-0: Called Strike
0-1: Ball
1-1: Foul Ball, location: 2F
1-2: Fly out, F7 (Line Drive, 7, EV 102.5 MPH)
Top of the 3rd over - 0 runs, 1 hit, 0 errors, 2 left on base; University of Toronto 2 - University of North Carolina at Chapel Hill 0
BOTTOM OF THE 3RD
University of North Carolina at Chapel Hill Tar Heels batting - Pitching for University of Toronto Marlies : LHP Vincent Whittick
Batting: RHB C.J. Fleet 0-0: Called Strike
0-1: Ground out 6-3 (Groundball, 6, EV 102.5 MPH)
Batting: SHB Ryan Marsh 0-0: Ground out 5-3 (Groundball, 56, EV 108.8 MPH)
Batting: RHB Juan Mejia 0-0: Swinging Strike
0-1: Swinging Strike
0-2: SINGLE (Line Drive, 3D, EV 99.4 MPH)
Batting: RHB Jonathan Winkler 0-0: Ball
1-0: Ball
2-0: 2-RUN HOME RUN (Flyball, 9LD, EV 91.9 MPH), Distance : 332 ft
Batting: RHB Jeremy Rollins 0-0: Ball
1-0: Called Strike
1-1: Ball
2-1: Swinging Strike
2-2: Foul Ball, location: 2F
2-2: Ball
3-2: Strikes out swinging
Bottom of the 3rd over - 2 runs, 2 hits, 0 errors, 0 left on base; University of Toronto 2 - University of North Carolina at Chapel Hill 2
TOP OF THE 4TH
University of Toronto Marlies batting - Pitching for University of North Carolina at Chapel Hill Tar Heels : RHP Steven Kennett
Batting: RHB Elmar Adenauer 0-0: Ball
1-0: Ball
2-0: Ball
3-0: Called Strike
3-1: Ground out 6-3 (Groundball, 6MD, EV 81.9 MPH)
Batting: RHB Jeff McClellan 0-0: Ball
1-0: Foul Ball, location: 2F
1-1: Foul Ball, location: 2F
1-2: Ground out 1-3 (Groundball, 34S, EV 73.1 MPH)
Batting: RHB Alex Gonzalez 0-0: Fly out, F8 (Flyball, 89M, EV 85.6 MPH)
Top of the 4th over - 0 runs, 0 hits, 0 errors, 0 left on base; University of Toronto 2 - University of North Carolina at Chapel Hill 2
BOTTOM OF THE 4TH
University of North Carolina at Chapel Hill Tar Heels batting - Pitching for University of Toronto Marlies : LHP Vincent Whittick
Batting: RHB Paul Holland 0-0: Called Strike
0-1: Foul Ball, location: 2F
0-2: Ball
1-2: Strikes out swinging
Batting: RHB Brandon Wilson 0-0: Foul Ball, location: 2F
0-1: Ball
1-1: Ball
2-1: Foul Ball, location: 2F
2-2: Foul Ball, location: 2F
2-2: Ball
3-2: Foul Ball, location: 2F
3-2: Foul Ball, location: 2F
3-2: Foul Ball, location: 2F
3-2: Foul Ball, location: 2F
3-2: Foul Ball, location: 2F
3-2: DOUBLE (Flyball, 78D, EV 108.1 MPH)
Pitching: RHP Kevin Knickle
Batting: SHB Tom Auld 0-0: Foul Ball, location: 2F
0-1: Ball
1-1: Ground out 4-3 (Groundball, 4, EV 93.1 MPH)
Brandon Wilson to third
Batting: SHB Rob Haney 0-0: Ball
1-0: Ball
2-0: Called Strike
2-1: Ball
3-1: Fly out, F8 (Flyball, 8LXD, EV 76.2 MPH)
Bottom of the 4th over - 0 runs, 1 hit, 0 errors, 1 left on base; University of Toronto 2 - University of North Carolina at Chapel Hill 2
TOP OF THE 5TH
University of Toronto Marlies batting - Pitching for University of North Carolina at Chapel Hill Tar Heels : RHP Steven Kennett
Pitching: RHP Didier Pages
Batting: SHB Jose Melendez 0-0: Ball
1-0: Called Strike
1-1: Foul Ball, location: 2F
1-2: Ground out 4-3 (Groundball, 34, EV 99.4 MPH)
Batting: RHB Akichika Yamano 0-0: Ball
1-0: Ball
2-0: Called Strike
2-1: Foul Ball, location: 2F
2-2: Ground out 3-1 (Groundball, 34, EV 87.5 MPH)
Batting: SHB Jack Tierney 0-0: Ball
1-0: Called Strike
1-1: Foul Ball, location: 2F
1-2: Foul Ball, location: 2F
1-2: Fly out, F8 (Flyball, 8RD, EV 86.2 MPH)
Top of the 5th over - 0 runs, 0 hits, 0 errors, 0 left on base; University of Toronto 2 - University of North Carolina at Chapel Hill 2
BOTTOM OF THE 5TH
University of North Carolina at Chapel Hill Tar Heels batting - Pitching for University of Toronto Marlies : RHP Kevin Knickle
Batting: RHB C.J. Fleet 0-0: Ball
1-0: Swinging Strike
1-1: Foul Ball, location: 2F
1-2: Ball
2-2: Foul Ball, location: 2F
2-2: Ball
3-2: Foul Ball, location: 2F
3-2: Ground out 5-3 (Groundball, 56, EV 86.9 MPH)
Batting: SHB Ryan Marsh 0-0: Fly out, F9 (Flyball, 89M, EV 92.5 MPH)
Batting: RHB Juan Mejia 0-0: Foul Ball, location: 2F
0-1: Ball
1-1: Ball
2-1: Ball
3-1: Base on Balls
Batting: RHB Jonathan Winkler 0-0: Ball
1-0: Ball
2-0: Ball
3-0: Called Strike
3-1: Fly out, F9 (Line Drive, 89M, EV 101.9 MPH)
Bottom of the 5th over - 0 runs, 0 hits, 0 errors, 1 left on base; University of Toronto 2 - University of North Carolina at Chapel Hill 2
TOP OF THE 6TH
University of Toronto Marlies batting - Pitching for University of North Carolina at Chapel Hill Tar Heels : RHP Didier Pages
Pinch Hitting: SHB Shannon Britten 0-0: Ball
1-0: Foul Ball, location: 2F
1-1: Fly out, F2 (Popup, 25F, EV 80.6 MPH)
Batting: LHB Efrem Isaev 0-0: Ground out 6-3 (Groundball, 6M, EV 100.6 MPH)
Batting: RHB Frank Pena 0-0: Ball
1-0: Ball
2-0: Ball
3-0: Base on Balls
Batting: RHB Elmar Adenauer 0-0: Ball
Frank Pena steals 2nd base
1-0: Ball
2-0: Ball
3-0: Base on Balls
Pitching: LHP Andrew Lowe
Batting: RHB Jeff McClellan 0-0: Called Strike
0-1: Foul Ball, location: 2F
0-2: Foul Ball, location: 2F
0-2: Foul Ball, location: 2F
0-2: Ball
1-2: Strikes out swinging
Top of the 6th over - 0 runs, 0 hits, 0 errors, 2 left on base; University of Toronto 2 - University of North Carolina at Chapel Hill 2
BOTTOM OF THE 6TH
University of North Carolina at Chapel Hill Tar Heels batting - Pitching for University of Toronto Marlies : RHP Kevin Knickle
Pitching: LHP Joe McLaughlin
Batting: RHB Jeremy Rollins 0-0: Ball
1-0: Foul Ball, location: 2F
1-1: SOLO HOME RUN (Flyball, 78XD, EV 111.9 MPH), Distance : 432 ft
Batting: RHB Paul Holland 0-0: Ground out 6-3 (Groundball, 6, EV 83.1 MPH)
Batting: RHB Brandon Wilson 0-0: Ground out 5-3 (Groundball, 56S, EV 91.2 MPH)
Batting: SHB Tom Auld 0-0: Ball
1-0: Ground out U3 (Groundball, 34S, EV 84.4 MPH)
Bottom of the 6th over - 1 run, 1 hit, 0 errors, 0 left on base; University of Toronto 2 - University of North Carolina at Chapel Hill 3
TOP OF THE 7TH
University of Toronto Marlies batting - Pitching for University of North Carolina at Chapel Hill Tar Heels : LHP Andrew Lowe
Pinch Hitting: RHB Rich Vanegas 0-0: Foul Ball, location: 2F
0-1: Ball
1-1: Ground out U3 (Groundball, 34, EV 107.5 MPH)
Batting: SHB Jose Melendez 0-0: Ball
1-0: Ball
2-0: Fly out, F9 (Line Drive, 89M, EV 90.6 MPH)
Batting: RHB Akichika Yamano 0-0: Called Strike
0-1: DOUBLE (Line Drive, 7LM, EV 96.9 MPH)
Pinch Hitting: RHB Logan Johnson 0-0: Ball
1-0: Foul Ball, location: 2F
1-1: Ball
2-1: Ball
3-1: Foul Ball, location: 2F
3-2: Base on Balls
Pinch Hitting: SHB Ed Thorpe Jr. 0-0: Called Strike
0-1: Ball
1-1: Ball
2-1: Ball
3-1: SINGLE (Line Drive, 78M, EV 95.0 MPH)
Akichika Yamano to third
Logan Johnson to second
Runner from 3rd tries for Home, SAFE, throw by CF to home
Batting: LHB Efrem Isaev 0-0: Called Strike
0-1: Called Strike
0-2: Foul Ball, location: 2F
0-2: Fly out, F7 (Flyball, 7D, EV 98.8 MPH)
Top of the 7th over - 1 run, 2 hits, 0 errors, 2 left on base; University of Toronto 3 - University of North Carolina at Chapel Hill 3
BOTTOM OF THE 7TH
University of North Carolina at Chapel Hill Tar Heels batting - Pitching for University of Toronto Marlies : LHP Joe McLaughlin
Pitching: LHP Antoine Herndon
Now at 1B: Logan Johnson
Now at 2B: Tony Cisneros
Now in LF: Efrem Isaev
Pinch Hitting: RHB Bill Atley 0-0: Called Strike
0-1: Called Strike
0-2: Foul Ball, location: 2F
0-2: Ball
1-2: Strikes out swinging
Batting: RHB C.J. Fleet 0-0: Swinging Strike
0-1: SOLO HOME RUN (Flyball, 7D, EV 103.1 MPH), Distance : 390 ft
Batting: SHB Ryan Marsh 0-0: Ball
1-0: Ball
2-0: Fly out, F8 (Flyball, 8LXD, EV 99.4 MPH)
Batting: RHB Juan Mejia 0-0: Foul Ball, location: 2F
0-1: Ball
1-1: Ball
2-1: Ground out 1-3 (Groundball, 34S, EV 65.0 MPH)
Bottom of the 7th over - 1 run, 1 hit, 0 errors, 0 left on base; University of Toronto 3 - University of North Carolina at Chapel Hill 4
TOP OF THE 8TH
University of Toronto Marlies batting - Pitching for University of North Carolina at Chapel Hill Tar Heels : LHP Andrew Lowe
Pitching: RHP Ted Hurley
Now at SS: Bill Atley
Batting: RHB Frank Pena 0-0: Foul Ball, location: 2F
0-1: Foul Ball, location: 2F
0-2: Ball
1-2: Fly out, F8 (Flyball, 8RXD, EV 101.9 MPH)
Batting: RHB Elmar Adenauer 0-0: Ball
1-0: Foul Ball, location: 2F
1-1: SINGLE (Line Drive, 78D, EV 98.1 MPH)
Batting: RHB Jeff McClellan 0-0: Called Strike
0-1: Called Strike
0-2: Ball
1-2: Ball
2-2: Fly out, F9 (Flyball, 9, EV 87.5 MPH)
Batting: LHB Tony Cisneros 0-0: Called Strike
0-1: Foul Ball, location: 2F
0-2: SINGLE (Groundball, 56D, EV 101.9 MPH)
Elmar Adenauer to second
Pinch Hitting: RHB Tyler Cohen 0-0: Called Strike
0-1: Ball
1-1: Foul Ball, location: 2F
1-2: SINGLE (Line Drive, 78S, EV 92.5 MPH)
Elmar Adenauer to third
Tony Cisneros to second
Runner from 3rd tries for Home, throw by LF and OUT! 7-2
Top of the 8th over - 0 runs, 3 hits, 0 errors, 2 left on base; University of Toronto 3 - University of North Carolina at Chapel Hill 4
BOTTOM OF THE 8TH
University of North Carolina at Chapel Hill Tar Heels batting - Pitching for University of Toronto Marlies : LHP Antoine Herndon
Now in CF: Sergio Andrada
Batting: RHB Jonathan Winkler 0-0: Foul Ball, location: 2F
0-1: Ball
1-1: Ball
2-1: Ground out 5-3 (Groundball, 56S, EV 83.1 MPH)
Batting: RHB Jeremy Rollins 0-0: Called Strike
0-1: Foul Ball, location: 2F
0-2: Foul Ball, location: 2F
0-2: Foul Ball, location: 2F
0-2: Ball
1-2: Ball
2-2: Strikes out swinging
Batting: RHB Paul Holland 0-0: Fly out, F7 (Flyball, 7S, EV 93.1 MPH)
Bottom of the 8th over - 0 runs, 0 hits, 0 errors, 0 left on base; University of Toronto 3 - University of North Carolina at Chapel Hill 4
TOP OF THE 9TH
University of Toronto Marlies batting - Pitching for University of North Carolina at Chapel Hill Tar Heels : RHP Ted Hurley
Pitching: RHP Berry Dow
Batting: RHB Akichika Yamano 0-0: Called Strike
0-1: Ball
1-1: Called Strike
1-2: Ball
2-2: Ball
3-2: Strikes out looking
Batting: RHB Logan Johnson 0-0: Fly out, F9 (Flyball, 9S, EV 81.2 MPH)
Batting: LHB Antoine Herndon 0-0: Ball
1-0: Called Strike
1-1: Ball
2-1: Ball
3-1: Base on Balls
Batting: LHB Efrem Isaev 0-0: Called Strike
0-1: Swinging Strike
0-2: Ball
1-2: Ball
2-2: Ball
3-2: Foul Ball, location: 2F
3-2: Fly out, F7 (Flyball, 7, EV 96.9 MPH)
Top of the 9th over - 0 runs, 0 hits, 0 errors, 1 left on base; University of Toronto 3 - University of North Carolina at Chapel Hill 4
Sunday, July 16th , 2023 - OOTP Baseball 24.6 Build 69